 Dungeon Crawl Stone Soup version 0.29-a0-40-g8eb35efe60 (webtiles) character file.

Game seed: 4175589922974698251

474 crazypyro the Skirmisher (level 6, -8/56 HPs)
             Began as a Minotaur Fighter on Feb 1, 2022.
             Mangled by Menkaure (20 damage)
             ... on level 4 of the Dungeon.
             The game lasted 00:03:24 (2661 turns).

crazypyro the Skirmisher (Minotaur Fighter)         Turns: 2661, Time: 00:03:26

Health: -8/56      AC:  8    Str: 26    XL:     6   Next: 84%
Magic:  5/5        EV: 10    Int:  5    God:
Gold:   131        SH:  4    Dex:  9    Spells: 5/5 levels left

rFire   . . .      SeeInvis .   h - +10 morningstar "Qaty" {drain, rN+ Str+3}
rCold   . . .      Faith    .   c - +0 buckler
rNeg    + . .      Spirit   .   b - +0 scale mail
rPois   .          Reflect  .   (helmet restricted)
rElec   .          Harm     .   r - +0 cloak
rCorr   .          Rampage  .   (no gloves)
Will    .....                   (no boots)
Stlth   ..........              (no amulet)
HPRegen 0.18/turn               (no ring)
MPRegen 0.09/turn               (no ring)

@: no status effects
A: horns 2, retaliatory headbutt
a: no special abilities


You were on level 4 of the Dungeon.
You visited 1 branch of the dungeon, and saw 4 of its levels.

You collected 131 gold pieces.

Inventory:

Hand Weapons
 a - a +1 war axe
 h - the +10 morningstar "Qaty" (weapon) {drain, rN+ Str+3}
   (You took it off a gnoll on level 2 of the Dungeon)

   A truly terrible weapon, it drains the life of any living foe it strikes.
   Str:       It affects your strength (+3).
   rN:        It protects you from negative energy.
Armour
 b - a +0 scale mail (worn)
 c - a +0 buckler (worn)
 r - a +0 cloak (worn)
Jewellery
 k - a +6 ring of dexterity
Wands
 d - a wand of digging (6)
Scrolls
 i - 2 scrolls of enchant weapon
 l - a scroll of teleportation {unknown}
 m - a scroll of blinking {unknown}
 o - a scroll of immolation {unknown}
 p - a scroll of fear {unknown}
Potions
 e - 3 potions of mutation {unknown}
 f - 2 potions of curing {unknown}
 g - a potion of flight {unknown}
 j - 2 potions of heal wounds {unknown}
 n - a potion of cancellation {unknown}
 q - a potion of lignification {unknown}


   Skills:
 - Level 5.1 Fighting
 - Level 4.6(5.1) Axes
 * Level 3.2(4.4) Maces & Flails
 - Level 5.1 Armour
 - Level 2.0 Dodging
 - Level 5.0 Shields


You had 5 spell levels left.
You didn't know any spells.
Your spell library was empty.

Dungeon Overview and Level Annotations

Branches:
Dungeon (4/15)
 Temple: D:4-7

Altars:

Shops:
D:2 :   D:3 [

Annotations:
D:4 Menkaure


Innate Abilities, Weirdness & Mutations

You have a pair of horns on your head.
You reflexively headbutt those who attack you in melee.


Message History

No target in view!
Found a ring mail.
An adder comes into view.
The adder hisses angrily.
You hit the adder.
The adder is heavily wounded.
The adder bites you but does no damage. The adder closely misses you.
You furiously retaliate!
You headbutt the adder!
You kill the adder!
No target in view!
No target in view!
No target in view!
You see here an adder corpse.
You see here a +0 ring mail.
Found a stone staircase leading down.
Done exploring.
No target in view!
No target in view!
(D) Dungeon
Where to? (Enter - D:3 @ (x,y), ? - help)
There is a stone staircase leading down here.
You climb downwards.
Menkaure shouts!
Menkaure casts a spell.
Menkaure seems to speed up.
Found 25 stones.
Found a stone staircase leading down.
There is a stone staircase leading up here.
Menkaure is nearby!
Menkaure calls on the powers of darkness!
Your body is wracked with pain!
Menkaure hits you!
You are too injured to fight recklessly!
You are too injured to fight recklessly!
You barely miss Menkaure. Your headbutt misses Menkaure.
Menkaure calls on the powers of darkness!
Your body is wracked with pain!
* * * LOW HITPOINT WARNING * * *
Menkaure rustles, "It doesn't hurt if you pull your brain out of your nose yourself."
Menkaure hits you!!
You die...

#.. #.# #.# #########
#># #.......####<#####
(####.......#........#
............#..#.##..#
..#(#...>...#..#.## .#
..#.#.......#. #@.# #
....#.......#. ##M#
#.#.#......$# .#
#......###.## ..
...<.......# .##
###......### .#
#..###.# .# #(.# ...
.# #..# .###


You could see Menkaure (fast).

Vanquished Creatures
  Sigmund (D:2)
  A phantom (D:3)
  A gnoll shaman (D:2)
  Jessica (D:2)
  Terence (D:2)
  Robin (D:2)
  3 gnolls (D:2)
  3 adders
  4 worms
  2 dart slugs
  5 bats
  7 endoplasms
  A giant cockroach (D:2)
  14 goblins
  3 hobgoblins
  4 jackals (D:2)
  8 kobolds
  4 quokkas
  7 ball pythons
  6 frilled lizards
  4 rats
81 creatures vanquished.

Notes
Turn   | Place    | Note
-------+----------+-------------------------------------------
     0 | D:1      | crazypyro the Minotaur Fighter began the quest for the Orb.
     0 | D:1      | Reached XP level 1. HP: 19/19 MP: 0/0
   189 | D:1      | Reached XP level 2. HP: 22/27 MP: 1/1
   630 | D:2      | You fall into a shaft and drop 2 floors!
   637 | D:4      | Reached XP level 3. HP: 28/33 MP: 2/2
   643 | D:3      | Noticed a phantom
   652 | D:3      | Killed a phantom
   653 | D:3      | Reached skill level 1 in Dodging
   653 | D:3      | Reached XP level 4. HP: 23/41 MP: 3/3
   826 | D:2      | Noticed Terence
   830 | D:2      | Noticed Robin
   838 | D:2      | Killed Terence
   839 | D:2      | Reached XP level 5. HP: 25/47 MP: 4/4
   852 | D:2      | Killed Robin
  1195 | D:2      | Identified the +10 morningstar "Qaty" {drain, rN+ Str+3}
  1561 | D:2      | Reached XP level 6. HP: 52/53 MP: 5/5
  1568 | D:2      | Found Weysogeg's Book Emporium.
  1618 | D:2      | Noticed Sigmund
  1621 | D:2      | Killed Sigmund
  1622 | D:2      | Reached skill level 5 in Fighting
  1622 | D:2      | Reached skill level 5 in Armour
  1622 | D:2      | Reached skill level 5 in Shields
  1883 | D:2      | Noticed Jessica
  1887 | D:2      | Killed Jessica
  2164 | D:2      | Found a faded altar of an unknown god.
  2323 | D:3      | Found Ucvynk's Antique Armour Shoppe.
  2656 | D:4      | Noticed Menkaure
  2661 | D:4      | Mangled by Menkaure

Illustrated notes

Levels and vault maps discovered:
D:1:      dpeg_arrival_renting, layout_rooms
D:2:      minmay_general_purpose_star, layout_rooms, serial_shops,
          nicolae_shop_statue_plus, chequers_ecumenical_altar_grove,
          uniq_jessica, uniq_robin, uniq_sigmund, uniq_terence
D:3:      layout_rooms, serial_shops, shop
D:4:      layout_loops_cross, lemuel_crystal_altar, temple_statues,
          serial_shops, nicolae_shop_stone, gammafunk_ghost_arena,
          minmay_shop_damaged, uniq_menkaure

Skill      XL: |  1  2  3  4  5  6 |
---------------+-------------------+-----
Fighting       | 4 5 |  5.1
Armour         | 4 5 |  5.1
Axes           | 3 4 |  4.6
Shields        | 4 5 |  5.0
Dodging        | 1 2 |  2.0
Maces & Flails | 3 |  3.2

Action                   |  1- 3 |  4- 6 || total
-------------------------+-------+-------++-------
Melee: War axe           |    46 |    78 ||   124
       Headbutt          |     8 |    15 ||    23
       Morningstar       |       |    33 ||    33
  Use: Potion            |       |     1 ||     1
       Scroll            |       |     2 ||     2
Armor: Scale mail        |    23 |    39 ||    62
Dodge: Dodged            |    21 |    58 ||    79
Block: Buckler           |     6 |    17 ||    23

Table legend: (Time is in decaauts)
 A = Elapsed time spent in this place.
 B = Non-inter-level travel time spent in this place.
 C = Inter-level travel time spent in this place.
 D = Time resting spent in this place.
 E = Time spent auto-exploring this place.
 F = Levels seen in this place.
 G = Mean time per level.
                   A        B        C        D        E       F      G
               +--------+--------+--------+--------+--------+-----+--------+
         Total |   2718 |   2614 |    104 |      0 |   2177 |   4 |  679.5 |
       Dungeon |   2718 |   2614 |    104 |      0 |   2177 |   4 |  679.5 |
               +--------+--------+--------+--------+--------+-----+--------+

Top non-repeatable levels by time:
     D:2: 1340 daAuts
     D:3: 721 daAuts
     D:1: 636 daAuts
     D:4: 20 daAuts
